Map: Pillars of Gold LE

Players

Namshar - Winner!

  • Race: Zerg Zerg
  • League: Master
  • Spawn Location: 1:00

uwuThermal (uThermal)

  • Race: Terran Terran
  • Spawn Location: 7:00

Event: Cheeseadelphia Winter Championship 2021

VOD

Have the link to the VOD?

Description

Time

  • Played on: Jan. 23, 2021, 4:40 p.m.
  • Length: 12:14

All games in this series

Show
View Real Time Build Order
Export as new Build Order

Namshar Zerg - Winner!

Build Orders: Pool First 

Get SALT Encoding   

  12  0:00  Drone  
  13  0:12  Overlord  
  13  0:18  Drone  
  14  0:30  Drone x2  
  16  0:41  Spawning Pool  
  15  0:45  Drone  
  15  0:49  Drone  
  17  1:09  Hatchery  
  16  1:13  Extractor  
  16  1:14  Drone  
  16  1:28  Zergling x6  
  19  1:36  Roach Warren  
  18  1:47  Queen  
  20  1:59  Overlord  
  20  2:18  Roach x3  
  25  2:39  Drone x4  
  28  2:44  Drone  
  28  2:47  Ravager  
  29  2:53  Drone  
  30  3:03  Overlord, Drone  
  31  3:05  Drone  
  31  3:06  Drone  
  31  3:10  Ravager  
  31  3:12  Drone  
  35  3:14  Drone  
  36  3:47  Ravager  
  37  3:49  Drone x7  
  44  4:15  Overlord x2  
  44  4:16  Queen  
  43  4:22  Drone  
  44  4:25  Hatchery  
  44  4:30  Drone  
  44  4:33  Queen  
  44  4:34  Drone x4  
  50  4:40  Drone  
  50  4:44  Overlord  
  51  4:47  Drone x3  
  51  4:49  Extractor  
  51  4:50  Extractor  
  52  4:56  Overlord  
  52  4:58  Zergling x2  
  53  5:00  Lair  
  53  5:03  Evolution Chamber  
  53  5:04  Evolution Chamber  
  51  5:09  Drone x2  
  51  5:10  Queen  
  51  5:11  Drone x3  
  58  5:15  Drone  
  59  5:21  Drone  
  60  5:31  Zerg Ground Armor Level 1, Zerg Missile Weapons Level 1, Drone x5  
  60  5:35  Extractor  
  64  5:38  Overlord  
  64  5:39  Queen  
  64  5:41  Roach  
  64  5:42  Roach  
  70  5:44  Roach  
  70  5:48  Roach  
  74  5:53  Overlord  
  74  5:58  Roach x3  
  74  5:59  Glial Reconstitution  
  80  6:08  Roach x3  
  80  6:09  Overlord  
  86  6:16  Drone x2  
  86  6:17  Drone x2  
  90  6:19  Overlord  
  90  6:23  Drone x2  
  90  6:24  Drone x2  
  94  6:26  Ravager  
  94  6:30  Overlord  
  95  6:36  Drone x2  
  95  6:37  Drone x2  
  95  6:39  Drone x3  
  100  6:56  Roach x3  
  100  6:57  Roach  
  100  6:59  Drone x6  
  114  7:01  Extractor  
  114  7:02  Extractor  
  112  7:11  Overlord x2  
  112  7:13  Hatchery  
  112  7:14  Roach  
  113  7:20  Ravager  
  114  7:33  Roach x8  
  114  7:34  Overlord x2  
  114  7:35  Overlord x2  
  130  7:40  Overseer  
  130  7:48  Zerg Missile Weapons Level 2, Zerg Ground Armor Level 2  
  129  8:00  Roach x10  
  149  8:06  Roach  
  149  8:12  Roach Warren  
  150  8:13  Overlord x2  
  143  8:40  Drone  
  143  8:41  Drone x13  
  151  8:50  Overlord x2  
  151  8:51  Overlord  
  146  8:58  Queen  
  146  8:59  Overlord x3  
  146  9:00  Extractor x2  
  146  9:02  Drone  
  147  9:03  Queen  
  147  9:04  Infestation Pit  
  147  9:05  Hydralisk Den  
  147  9:14  Ravager x10  
  147  9:15  Roach x3  
  163  9:20  Drone x2  
  163  9:21  Drone x2  
  165  9:24  Drone x2  
  165  9:25  Drone  
  165  9:26  Roach  
  170  9:39  Muscular Augments  
  170  9:41  Hive  
  170  9:50  Roach x7  
  184  10:06  Roach x9  
  154  10:16  Roach x6  
  160  10:25  Roach x5  
  160  10:28  Drone  
  171  10:30  Lurker Den  
  171  10:32  Overseer  
  167  10:41  Ravager  
  167  10:42  Ravager x4  
  163  10:43  Hatchery, Ravager x3  
  163  10:49  Drone x2  
  167  10:50  Grooved Spines, Spore Crawler, Ravager  
  167  10:51  Spine Crawler, Ravager  
  167  10:59  Queen  
  167  11:03  Roach x4  
  177  11:08  Roach x3  
  169  11:22  Roach x8  
Show
View Real Time Build Order
Export as new Build Order

uwuThermal Terran 

Build Orders: Reaper Expand 

Get SALT Encoding   

  12  0:00  SCV  
  13  0:12  SCV  
  14  0:17  Supply Depot  
  14  0:24  SCV  
  15  0:39  Barracks, SCV  
  16  0:45  Refinery  
  16  0:51  SCV  
  17  1:03  SCV  
  18  1:15  SCV  
  19  1:27  Orbital Command, Reaper  
  20  1:43  Command Center  
  20  1:53  Supply Depot  
  20  1:55  SCV  
  20  1:59  Reaper  
  22  2:08  SCV  
  23  2:15  Barracks  
  23  2:20  SCV  
  23  2:32  SCV  
  23  2:43  Barracks Reactor  
  22  2:44  SCV  
  23  2:56  SCV  
  24  3:05  Orbital Command  
  23  3:06  Barracks Tech Lab  
  23  3:08  SCV  
  23  3:11  Factory  
  24  3:15  Refinery  
  24  3:19  Marine x2  
  26  3:20  SCV  
  29  3:27  Marauder  
  29  3:33  SCV  
  30  3:37  Marine x2  
  31  3:44  SCV  
  31  3:48  Marauder  
  29  3:50  SCV  
  29  4:00  Marine x2  
  28  4:12  Marine  
  28  4:14  SCV x2  
  26  4:20  Marine x2  
  28  4:26  Stimpack  
  28  4:29  SCV  
  28  4:31  SCV  
  30  4:40  Marine x2  
  30  4:41  Marine  
  30  4:42  SCV  
  34  4:46  SCV  
  35  4:54  SCV  
  35  4:56  Factory Reactor, Starport  
  35  4:58  Marine x2  
  35  4:59  SCV  
  41  5:00  Marauder  
  41  5:06  Supply Depot, SCV  
  42  5:11  SCV  
  43  5:15  Marine  
  43  5:16  Marine  
  43  5:18  SCV  
  46  5:26  Supply Depot  
  46  5:27  SCV  
  46  5:28  Marauder  
  49  5:30  SCV  
  49  5:34  Marine x2  
  52  5:38  Medivac  
  52  5:39  Supply Depot  
  54  5:48  Medivac, SCV x2  
  58  5:53  Command Center  
  58  5:59  Marine x2  
  58  6:00  SCV x2, Marine  
  63  6:05  Supply Depot  
  63  6:08  Medivac  
  63  6:10  Combat Shield  
  65  6:13  SCV  
  65  6:14  SCV  
  65  6:17  Marine  
  68  6:25  Supply Depot, SCV  
  69  6:26  Marine x2  
  71  6:32  Engineering Bay  
  71  6:33  SCV  
  71  6:35  Engineering Bay  
  71  6:37  SCV, Marine  
  74  6:43  Marine  
  74  6:45  SCV  
  76  6:52  SCV, Marine  
  76  6:59  Marine  
  76  7:00  SCV  
  77  7:01  Marine  
  77  7:04  Terran Infantry Armor Level 1, Terran Infantry Weapons Level 1  
  77  7:05  SCV  
  77  7:06  Refinery  
  77  7:07  Factory Tech Lab, Refinery  
  79  7:12  SCV  
  79  7:13  Marine  
  81  7:16  Marine  
  81  7:17  SCV  
  83  7:24  Barracks  
  83  7:25  Barracks  
  83  7:27  Barracks, SCV  
  83  7:28  Orbital Command  
  84  7:31  Siege Tank  
  84  7:35  Marine  
  84  7:36  Marauder, Marine  
  91  7:42  SCV  
  92  7:44  Supply Depot  
  92  7:49  SCV  
  93  7:53  Marine  
  93  7:54  Marine  
  93  7:55  Medivac x2, SCV  
  99  8:05  Supply Depot x2  
  96  8:07  Marine  
  96  8:11  Siege Tank  
  94  8:12  Marine  
  94  8:15  Barracks Tech Lab x2  
  94  8:18  Barracks Reactor  
  94  8:19  SCV  
  96  8:23  Marine  
  96  8:24  SCV, Marine  
  96  8:25  Medivac  
  99  8:31  Marine  
  99  8:32  Orbital Command  
  97  8:34  SCV  
  97  8:38  Medivac  
  97  8:40  Marine  
  99  8:41  Marine  
  99  8:42  Marauder  
  99  8:43  Marauder  
  99  8:45  Siege Tank  
  101  8:50  Marine  
  102  8:59  Marauder, Armory, Marine x3  
  102  9:00  SCV  
  106  9:03  Marauder  
  106  9:04  Marauder  
  106  9:05  SCV  
  106  9:06  Missile Turret  
  106  9:08  Marine  
  106  9:09  SCV  
  113  9:12  SCV  
  113  9:17  SCV, Marine x3  
  114  9:21  Marauder  
  114  9:22  Medivac  
  114  9:23  Medivac  
  123  9:26  Marine x2  
  123  9:28  Supply Depot  
  125  9:32  Supply Depot  
  125  9:39  Supply Depot  
  125  9:49  SCV x2, Marine x5  
  133  9:53  Supply Depot x2, Siege Tank, Marine  
  133  9:56  Terran Infantry Weapons Level 2  
  131  10:02  Marine  
  131  10:03  Orbital Command  
  131  10:05  Medivac  
  131  10:07  Marauder, Marine  
  110  10:08  Marine  
  110  10:10  SCV  
  110  10:11  Marauder  
  110  10:14  Marine x2  
  105  10:20  Marine  
  96  10:23  SCV  
  96  10:25  Marine  
  96  10:27  SCV  
  98  10:29  Marauder  
  98  10:31  SCV  
  101  10:39  SCV x2  
  103  10:44  SCV  
  103  10:45  Siege Tank  
  103  10:47  Marine  
  108  10:51  SCV  
  108  10:52  Missile Turret, Marine  
  108  10:55  Marine  
  108  10:57  Marauder, Marine x2  
  111  10:59  Marine  
  116  11:05  Marine  
  117  11:15  Marauder  
  117  11:17  Marauder  
  117  11:18  Marauder, Siege Tank  
  111  11:20  Marine  
  111  11:22  Marine  
  111  11:25  Medivac, Marine  
  93  11:30  Marine  
  82  11:36  Marauder  
  82  11:38  Marine  
  82  11:39  Marauder, Marine  
  86  11:40  Marauder  
  86  11:43  Marine  
  88  11:47  Marine  
  90  11:55  Marine  
Tags
 
Add a new tag
Caveats
  • Supply blocks, unpowered buildings, or Contaminate may cause inaccurate times.
  • Supply counts are checked every 10 seconds.